 Dungeon Crawl Stone Soup version 0.19-a0-1931-gf4bb0bd (webtiles) character file.

48 Musica the Charlatan (level 4, -1/25 HPs)
             Began as a Kobold Artificer on Oct 25, 2016.
             Slain by a worm (13 damage)
             ... on level 2 of the Dungeon.
             The game lasted 00:08:32 (1590 turns).

Musica the Charlatan (Kobold Artificer)             Turns: 1590, Time: 00:08:33

Health: -1/25      AC:  3    Str:  9    XL:     4   Next: 0%
Magic:  7/7        EV: 14    Int: 12    God:
Gold:   66         SH:  0    Dex: 16    Spells: 0 memorised, 3 levels left

rFire  . . .     SeeInvis .     a - +0 short sword
rCold  . . .     Gourm    .     b - +0 leather armour
rNeg   . . .     Faith    .     (shield restricted)
rPois  .         Spirit   .     (no helmet)
rElec  .         Reflect  .     (no cloak)
rCorr  .         Harm     .     (no gloves)
MR     .....                    (no boots)
Stlth  ++........               (no amulet)
                                (no ring)
                                (no ring)

@: no status effects
A: carnivore 3
a: no special abilities


You were on level 2 of the Dungeon.
You were very full.

You visited 1 branch of the dungeon, and saw 3 of its levels.

You collected 66 gold pieces.

Inventory:

Hand Weapons
 a - a +0 short sword (weapon)
Missiles
 k - 13 poisoned needles
Armour
 b - a +0 leather armour (worn)
 n - a cursed +0 ring mail
Jewellery
 j - an uncursed ring of ice
 l - an uncursed ring of flight
Wands
 c - a wand of flame (15/48)
 d - a wand of enslavement (12/24)
 e - a wand of random effects (13/48)
Scrolls
 i - a scroll of amnesia
 q - a scroll of fear
Potions
 g - a potion of degeneration {unknown}
 o - 2 potions of haste {unknown}
 p - a potion of brilliance {unknown}
Comestibles
 f - 3 meat rations
 h - a slice of pizza
 m - 2 chunks of flesh


   Skills:
 + Level 1.2 Fighting
 + Level 2.6 Short Blades
 - Level 2.4 Dodging
 + Level 1.5 Stealth
 + Level 4.9 Evocations


You had 3 spell levels left.
You didn't know any spells.

Dungeon Overview and Level Annotations

Branches:
Dungeon (3/15)

Altars:
Trog


Innate Abilities, Weirdness & Mutations

You are small and have problems with some larger weapons.
You are carnivorous and can eat meat at any time.


Message History

You hit the rat.
The rat is severely wounded.
The rat barely misses you.
You hit the rat.
You kill the rat!
The moth of wrath goads the worm on!
The worm goes berserk!
You see here a rat corpse.
You closely miss the rat. The rat completely misses you.
You hit the rat.
You kill the rat!
You have reached level 4!
You hit the worm but do no damage. The worm bites you.
You hit the worm.
The worm is lightly wounded.
The worm bites you!
You barely miss the worm.
The worm is lightly wounded.
The worm bites you!
Ouch! That really hurt!
You die...

#........#..# ##.#.......
#.#+##..÷#..# #.........
#####.#....#.#..#######........
###...#.######.#.##....#######+##
..#.#.#.######.###......)#
#.#.#.....<#...##.......).
#.#.###.####.#.##....#.... #.#.#
#.####.####...###... #.#.#
#..(......@†..#y#r_. #.#.#
######.####w..###...
..#.########.# #....#....
###.#.....##.# #.......).
....#.###.##.# ##.......#
#####.#....#.# ##....###
...#....#..#.# #####
##.######..#.# ...........#.#


You could see a moth of wrath, a worm (berserk) and a rat.

Vanquished Creatures
  An adder (D:2)
  3 dart slugs
  A leopard gecko (D:1)
  9 bats
  2 giant cockroaches (D:1)
  A goblin (D:1)
  3 hobgoblins
  3 jackals (D:1)
  A kobold (D:2)
  3 frilled lizards
  6 rats
33 creatures vanquished.

Vanquished Creatures (others)
  A hobgoblin (D:1)
  A rat (D:1)
2 creatures vanquished.

Grand Total: 35 creatures vanquished

Notes
Turn   | Place    | Note
-------+----------+-------------------------------------------
     0 | D:1      | Musica the Kobold Artificer began the quest for the Orb.
     0 | D:1      | Reached XP level 1. HP: 12/12 MP: 3/3
   161 | D:1      | Reached skill level 4 in Evocations
   176 | D:1      | Reached XP level 2. HP: 13/16 MP: 5/5
   549 | D:1      | Reached XP level 3. HP: 5/20 MP: 6/6
  1559 | D:2      | Noticed a moth of wrath
  1562 | D:2      | Found a bloodstained altar of Trog.
  1587 | D:2      | Reached XP level 4. HP: 21/25 MP: 7/7
  1590 | D:2      | Slain by a worm

Vault maps used:
D:1:      dpeg_arrival_chambers_temple_mockup, nrook_mini_vaults
D:2:      tgw_trog
D:3:      grunt_gozag_statues, trog_three_pillars_becter, uniq_robin

Skill      XL: |  1  2  3 |
---------------+----------+-----
Evocations     | 4 |  4.9
Short Blades   | 2 |  2.6
Fighting       | |  1.2
Dodging        | |  2.4
Stealth        | |  1.5

Action                   |  1- 3 |  4- 6 || total
-------------------------+-------+-------++-------
Melee: Short sword       |   105 |     3 ||   108
Evoke: Wand              |     5 |       ||     5
  Use: Scroll            |     5 |       ||     5
 Stab: Sleeping          |     3 |       ||     3
       Distracted        |     1 |       ||     1
  Eat: Chunk             |    10 |       ||    10
Armor: Leather armour    |    21 |       ||    21
Dodge: Dodged            |    81 |       ||    81
